[Event "Titled Tuesday Blitz November 01 Late 2022"]
[White "Storey, Charles H"]
[Black "Shapiro, Daniel"]
[WhiteFideId "406686"]
[BlackFideId "2001780"]
[WhiteElo "2252"]
[BlackElo "2302"]
[Result "1-0"]
[Round "10"]
[TimeControl "180+1"]
[Date "2022.11.02"]
[WhiteClock "0:00:48"]
[BlackClock "0:00:32"]

1. d4 Nf6 2. c4 e6 3. Nc3 Bb4 4. e3 d5 5. Nf3 Nbd7 6. cxd5 exd5 7. Bd2 c6 8. Bd3 Bd6 9. Ne2 O-O 10. Ng3 Re8 11. Qc2 g6 12. Ng5 Ng4 13. Nf3 f5 14. h3 Nxe3 15. Bxe3 Bxg3 16. O-O Bd6 17. Bg5 Qc7 18. Rae1 Rf8 19. Bh6 Rf7 20. Ng5 Re7 21. Bxf5 gxf5 22. Qxf5 Nb6 23. Qf8# 1-0


[Site "https://www.chess.com"]

[Event "Titled Tuesday Blitz November 01 Late 2022"]
[White "Szpar, Milosz"]
[Black "ChessBrah"]
[WhiteFideId "1184989"]
[WhiteElo "2422"]
[BlackElo "2885"]
[Result "0-1"]
[Round "10"]
[TimeControl "180+1"]
[Date "2022.11.01"]
[WhiteClock "0:02:10"]
[BlackClock "0:00:10"]

1. e4 c5 2. c3 Nf6 3. e5 Nd5 4. Nf3 Nc6 5. Bc4 Nb6 6. Bb3 d5 7. exd6 Qxd6 8. O-O Be6 9. Bxe6 Qxe6 10. a4 Qd7 11. a5 Nd5 12. d4 e6 13. dxc5 Bxc5 14. Qe2 O-O 15. Rd1 Qc7 16. Qe4 Rfd8 17. Nbd2 Nxa5 18. Qc2 Be7 19. Ne4 h6 20. Re1 Nb4 21. Qa4 Nd3 22. Qxa5 Qxa5 23. Rxa5 Nxe1 24. Nxe1 Rd1 25. Kf1 Rxc1 26. Ke2 a6 27. Nd3 Rh1 28. Rh5 Ra1 29. Nd2 Rd8 30. Nb3 Ra4 31. Re5 Rc4 32. g3 b6 33. h4 Bf6 34. Re3 Rd5 35. Nb4 Rb5 36. Nd2 Rc8 37. Ne4 Be7 38. Nd3 a5 39. Kd2 f5 40. Kc2 fxe4 41. Rxe4 Kf7 42. Nf4 Rc6 43. h5 Rf5 44. Nd3 Rxh5 45. Ne5+ Rxe5 46. Rxe5 Bd6 47. Rb5 Bc5 48. f3 h5 49. Kd3 g6 50. Ke4 Kf6 51. b4 Bd6 52. bxa5 bxa5 53. Rxa5 Rxc3 54. Ra6 Bxg3 55. Ra8 Rc4+ 56. Kd3 Rf4 57. Ke3 Rf5 58. Rf8+ Kg5 59. Rg8 Re5+ 60. Kd4 Re1 61. Re8 h4 62. Rh8 Bf4 63. Rh7 Re3 64. Kc4 Rxf3 65. Kd4 Re3 66. Kc4 e5 67. Kd5 h3 68. Rh8 h2 69. Rh7 Re1 0-1


[Site "https://www.chess.com"]

[Event "Titled Tuesday Blitz November 01 Late 2022"]
[White "Tayar, Jonathan"]
[Black "Azarov, Sergei"]
[WhiteFideId "2606534"]
[BlackFideId "13501470"]
[WhiteElo "2406"]
[BlackElo "2494"]
[Result "0-1"]
[Round "10"]
[TimeControl "180+1"]
[Date "2022.11.01"]
[WhiteClock "0:00:27"]
[BlackClock "0:01:18"]

1. e4 c5 2. Nc3 d6 3. Nf3 Nf6 4. d4 cxd4 5. Nxd4 g6 6. Be3 Bg7 7. f3 O-O 8. Qd2 Nc6 9. O-O-O d5 10. exd5 Nxd5 11. Nxc6 bxc6 12. Bd4 e5 13. Bc5 Be6 14. Ne4 Re8 15. g4 Qc7 16. Bd6 Qb6 17. Bc5 Qc7 18. Bd6 Qd7 19. Ba3 Rad8 20. Nc5 Qc7 21. Nxe6 Rxe6 22. c4 e4 23. fxe4 Be5 24. exd5 Bf4 25. dxe6 Rxd2 26. Rxd2 Qa5 27. exf7+ Kxf7 0-1


[Site "https://www.chess.com"]

[Event "Titled Tuesday Blitz November 01 Late 2022"]
[White "Tokhirjonova, Gulrukhbegim"]
[Black "Hoffmann, Asa"]
[WhiteFideId "14203626"]
[BlackFideId "2001470"]
[WhiteElo "2236"]
[BlackElo "2117"]
[Result "1-0"]
[Round "10"]
[TimeControl "180+1"]
[Date "2022.11.02"]
[WhiteClock "0:01:18"]
[BlackClock "0:01:04"]

1. Nf3 d6 2. d4 Bg4 3. e4 Nf6 4. Nc3 c6 5. Be2 e6 6. Be3 d5 7. e5 Nfd7 8. O-O c5 9. Nb5 cxd4 10. Nbxd4 Nc6 11. Bb5 Rc8 12. c3 Be7 13. Qa4 Qc7 14. Nxc6 bxc6 15. Ba6 Rb8 16. Qxg4 O-O 17. b3 Qa5 18. Be2 Qxc3 19. Rac1 Qb2 20. Bd3 c5 21. Bg5 Bxg5 22. Bxh7+ Kxh7 23. Nxg5+ Kg8 24. Qh5 Rfd8 25. Qxf7+ Kh8 26. Qh5+ Kg8 27. Qh7+ Kf8 28. Qh8+ Ke7 29. Qxg7+ Ke8 30. Qf7# 1-0


[Site "https://www.chess.com"]

[Event "Titled Tuesday Blitz November 01 Late 2022"]
[White "Tomaszewski, Kacper"]
[Black "Kaplan, Avi Harrison"]
[WhiteFideId "1127373"]
[BlackFideId "30934559"]
[WhiteElo "2211"]
[BlackElo "1983"]
[Result "0-1"]
[Round "10"]
[TimeControl "180+1"]
[Date "2022.11.02"]
[WhiteClock "0:00:01"]
[BlackClock "0:00:19"]

1. Nf3 c5 2. g3 Nc6 3. Bg2 e5 4. d3 d6 5. O-O h6 6. c3 Nf6 7. d4 e4 8. Nfd2 d5 9. dxc5 Bxc5 10. Nb3 Bb6 11. Be3 Bxe3 12. fxe3 Be6 13. Na3 Ng4 14. Nc2 h5 15. h3 h4 16. hxg4 hxg3 17. Rf4 Qh4 18. Ncd4 Bxg4 19. Nxc6 bxc6 20. Kf1 g5 21. Rxg4 Qxg4 22. Ke1 Rh2 23. Qd4 Rxg2 24. Qe5+ Qe6 25. Qh8+ Ke7 26. Qxa8 Rg1+ 27. Kd2 Rxa1 28. Qxa7+ Kf6 29. Qd4+ Kg6 30. Qh8 g2 31. Qg8+ Kf6 32. Qh8+ Ke7 33. Nd4 g1=Q 34. Nxe6 Qd1# 0-1


[Site "https://www.chess.com"]

[Event "Titled Tuesday Blitz November 01 Late 2022"]
[White "Valdes Romero, Leonardo"]
[Black "Przybylski, Wojciech"]
[WhiteFideId "6500331"]
[BlackFideId "1117599"]
[WhiteElo "2494"]
[BlackElo "2221"]
[Result "0-1"]
[Round "10"]
[TimeControl "180+1"]
[Date "2022.11.02"]
[WhiteClock "0:00:02"]
[BlackClock "0:00:07"]

1. Nf3 Nf6 2. d3 d5 3. g3 c6 4. Bg2 Bg4 5. O-O Nbd7 6. Nbd2 e6 7. h3 Bh5 8. Qe1 Bc5 9. e4 O-O 10. Kh1 h6 11. Ng1 e5 12. f4 dxe4 13. Nxe4 Nxe4 14. dxe4 exf4 15. gxf4 Re8 16. Qg3 Bd6 17. e5 Bc7 18. Bf3 Bxf3+ 19. Nxf3 Qe7 20. Nh4 Qe6 21. Rg1 g6 22. Be3 Rad8 23. Rae1 Nf8 24. Bc5 Qd5+ 25. Rg2 Qxc5 26. e6 Qd5 27. e7 Rc8 28. exf8=Q+ Kxf8 29. Rf1 Re2 30. Qg4 Rce8 31. f5 g5 32. Nf3 R8e4 33. Qh5 Rxg2 34. Qxh6+ Ke8 35. Qh8+ Kd7 36. Kxg2 Qxf5 37. Qc3 Qf4 38. Rd1+ Bd6 39. Qd3 Qg3+ 40. Kf1 Qxh3+ 41. Kf2 Qg3+ 42. Kf1 g4 43. Ne5+ Qxe5 0-1


[Site "https://www.chess.com"]

[Event "Titled Tuesday Blitz November 01 Late 2022"]
[White "Van Osch, Mees"]
[Black "Floresvillar Gonzalez, Luis Migu"]
[WhiteFideId "1035967"]
[BlackFideId "5100542"]
[WhiteElo "2324"]
[BlackElo "2040"]
[Result "0-1"]
[Round "10"]
[TimeControl "180+1"]
[Date "2022.11.02"]
[WhiteClock "0:00:11"]
[BlackClock "0:00:23"]

1. e4 c6 2. d4 d5 3. Nc3 dxe4 4. Nxe4 Bf5 5. Ng3 Bg6 6. h4 h6 7. h5 Bh7 8. Bd3 Bxd3 9. Qxd3 Nd7 10. Nf3 Ngf6 11. Bd2 e6 12. O-O-O Qb6 13. Kb1 O-O-O 14. Ne4 Bb4 15. c3 Ba3 16. Bc1 Be7 17. Ned2 Rhe8 18. Nc4 Qc7 19. Nce5 Nxe5 20. Nxe5 Bd6 21. f4 Nd5 22. g3 f6 23. Ng6 f5 24. Rhe1 Qf7 25. Re2 Nf6 26. Rh1 Nxh5 27. Rxh5 Qxg6 28. Rh1 a6 29. Rhe1 Re7 30. c4 Qh5 31. Rxe6 Rxe6 32. Rxe6 Qg4 33. a3 h5 34. d5 cxd5 35. Qxd5 Bc7 36. Qc5 Qxg3 37. Re7 Qd3+ 38. Ka2 Rd7 39. Re8+ Rd8 40. Re7 Qd6 41. Qxf5+ Kb8 42. Rxg7 Rf8 43. Qd5 Qxd5 44. cxd5 Bxf4 45. Rh7 Bxc1 46. Rxh5 Rf2 47. Kb3 Rxb2+ 48. Ka4 Bd2 49. d6 b5+ 50. Rxb5+ axb5# 0-1


[Site "https://www.chess.com"]

[Event "Titled Tuesday Blitz November 01 Late 2022"]
[White "Wessendorf, Thomas, Dr."]
[Black "Marchesich, Giovanni"]
[WhiteFideId "4604270"]
[BlackFideId "2824790"]
[WhiteElo "2280"]
[BlackElo "2200"]
[Result "0-1"]
[Round "10"]
[TimeControl "180+1"]
[Date "2022.11.02"]
[WhiteClock "0:00:04"]
[BlackClock "0:01:10"]

1. e4 e5 2. Nf3 Nc6 3. Bc4 Nf6 4. d3 h6 5. O-O d6 6. Nbd2 Na5 7. Bb5+ c6 8. Ba4 b5 9. Bb3 Nxb3 10. axb3 Be7 11. Re1 O-O 12. Nf1 Qc7 13. b4 Nh7 14. Ng3 f5 15. exf5 Bxf5 16. Nxf5 Rxf5 17. Qe2 Ng5 18. Nxg5 Bxg5 19. Qe4 Raf8 20. Bxg5 hxg5 21. f3 Qb6+ 22. Qe3 g4 23. Qxb6 axb6 24. fxg4 Rf2 25. Rf1 Rxc2 26. Rxf8+ Kxf8 27. Ra6 Rxb2 28. Rxb6 Rxb4 29. Rxc6 Rd4 30. Rb6 Rxd3 31. Rxb5 Rd2 32. h3 e4 33. Kf1 d5 34. Ke1 e3 35. Rb7 d4 36. Rb4 Kf7 37. h4 Kf6 38. Rb5 Rxg2 39. Rd5 Rxg4 40. Ke2 Rxh4 41. Kd3 Ke6 42. Rd8 Kf6 43. Rf8+ Kg6 0-1


[Site "https://www.chess.com"]

[Event "Titled Tuesday Blitz November 01 Late 2022"]
[White "Winterberg, Lukas"]
[Black "Kanyamarala, Tarun"]
[WhiteFideId "24622702"]
[BlackFideId "45004714"]
[WhiteElo "2349"]
[BlackElo "2307"]
[Result "0-1"]
[Round "10"]
[TimeControl "180+1"]
[Date "2022.11.02"]
[WhiteClock "0:01:17"]
[BlackClock "0:01:37"]

1. Nc3 c5 2. e4 e6 3. f4 d5 4. Nf3 d4 5. Ne2 Nc6 6. d3 h5 7. c3 dxc3 8. bxc3 c4 9. d4 Nf6 10. Qc2 b6 11. Ne5 Na5 12. Ng1 Bb7 13. Nxc4 Bxe4 14. Bd3 Bxd3 15. Qxd3 Nxc4 16. Qxc4 Qd5 17. Qe2 Ne4 18. Bd2 Rc8 19. Rc1 Ba3 20. Rc2 Bb4 21. c4 Bxd2+ 22. Rxd2 Rxc4 23. Nf3 Nxd2 24. Qxd2 Qe4+ 25. Kf2 Rc2 0-1


[Site "https://www.chess.com"]

[Event "Titled Tuesday Blitz November 01 Late 2022"]
[White "Yanchenko, Roman"]
[Black "Ibarra Jerez, Jose Carlos"]
[WhiteFideId "4137329"]
[BlackFideId "2226332"]
[WhiteElo "2514"]
[BlackElo "2627"]
[Result "0-1"]
[Round "10"]
[TimeControl "180+1"]
[Date "2022.11.01"]
[WhiteClock "0:00:24"]
[BlackClock "0:00:09"]

1. d4 Nf6 2. c4 d6 3. Nf3 g6 4. Nc3 Bf5 5. g3 Ne4 6. Nxe4 Bxe4 7. Bg2 Bg7 8. O-O O-O 9. b3 c5 10. Bb2 Nc6 11. e3 d5 12. Rc1 Nb4 13. Ne5 Bxg2 14. Kxg2 Nxa2 15. Ra1 cxd4 16. Qxd4 Nb4 17. Rxa7 Rxa7 18. Qxa7 Bxe5 19. Bxe5 Nc6 20. Qa1 dxc4 21. bxc4 Qd3 22. Bf4 f6 23. Bh6 Rd8 24. Qb1 Qxc4 25. Qxb7 Qd5+ 26. e4 Qxe4+ 27. f3 Qe6 28. Bc1 Kf7 29. Qb6 Rd3 30. Qa6 Qd5 31. Qb7 Ne5 32. Qxd5+ Rxd5 33. Bf4 Nd3 34. Be3 Re5 35. Bg1 Re2+ 36. Kh1 Ne1 37. f4 Ke6 38. Bf2 Nd3 39. Bg1 Kf5 40. Rb1 Kg4 41. Rb3 Ne1 42. Re3 Rxe3 43. Bxe3 Kf3 44. Bc5 e5 45. fxe5 fxe5 46. Kg1 Ke2 47. g4 e4 48. Bb6 Nd3 49. Kg2 e3 50. Kg3 Kd2 51. Ba5+ Kd1 52. Kh4 e2 53. Kg5 Ne5 54. Kf4 Nc4 0-1


[Site "https://www.chess.com"]

[Event "Titled Tuesday Blitz November 01 Late 2022"]
[White "Young, Ryan"]
[Black "Perske, Thore"]
[WhiteFideId "2049945"]
[BlackFideId "12902195"]
[WhiteElo "2409"]
[BlackElo "2336"]
[Result "0-1"]
[Round "10"]
[TimeControl "180+1"]
[Date "2022.11.02"]
[WhiteClock "0:00:15"]
[BlackClock "0:00:09"]

1. e4 e6 2. d4 d5 3. Nc3 Nf6 4. e5 Nfd7 5. f4 c5 6. Nce2 Nc6 7. c3 Qb6 8. Nf3 cxd4 9. cxd4 Bb4+ 10. Nc3 f6 11. Be2 O-O 12. Qd3 fxe5 13. fxe5 Rxf3 14. Bxf3 Qxd4 15. Qxd4 Nxd4 16. O-O Nxe5 17. a3 Nexf3+ 18. gxf3 Bxc3 19. bxc3 Ne2+ 20. Kf2 Nxc3 21. Bb2 Na4 22. Bd4 Bd7 23. Rg1 g6 24. Rac1 Bc6 25. h4 Nb6 26. h5 Kf7 27. hxg6+ hxg6 28. Rh1 Rf8 29. Rh7+ Ke8 30. Rch1 Rf7 31. Rh8+ Kd7 32. Bc5 Nc4 33. Bxa7 e5 34. Bc5 e4 35. R8h7 Rxh7 36. Rxh7+ Ke6 37. fxe4 dxe4 38. Ke2 Ne5 39. Rh8 Kd5 40. Be3 Nf3 41. Rd8+ Kc4 42. Rg8 Ne5 43. Bf4 Nd3 44. Rxg6 Nxf4+ 0-1


[Site "https://www.chess.com"]

[Event "Titled Tuesday Blitz November 01 Late 2022"]
[White "Yuan, Qingyu"]
[Black "Sokolovsky, Yahli"]
[WhiteFideId "8609772"]
[BlackFideId "2820242"]
[WhiteElo "2359"]
[BlackElo "2316"]
[Result "1-0"]
[Round "10"]
[TimeControl "180+1"]
[Date "2022.11.01"]
[WhiteClock "0:01:00"]
[BlackClock "0:00:02"]

1. e4 g6 2. d4 Bg7 3. Nf3 d6 4. h3 a6 5. a4 b6 6. c3 Bb7 7. Bd3 Nd7 8. O-O c5 9. d5 Ngf6 10. Nbd2 O-O 11. Re1 Qc7 12. Qe2 h6 13. Nf1 Kh7 14. Ng3 e6 15. dxe6 fxe6 16. Bc2 Rae8 17. Be3 d5 18. Rad1 Nxe4 19. Nxe4 dxe4 20. Nd2 Nf6 21. Qc4 Qc6 22. Qb3 b5 23. axb5 axb5 24. Qa3 c4 25. Qc5 Rf7 26. Qxc6 Bxc6 27. Bd4 e5 28. Bc5 Bf8 29. Bxf8 Rexf8 30. Re2 Kg7 31. Rf1 Nh5 32. Bxe4 Ng3 33. fxg3 Bxe4 34. Rxf7+ Rxf7 35. Nxe4 Ra7 36. Nd6 Ra1+ 37. Kf2 Kf6 38. Nxb5 Ke6 39. Nd4+ Kd5 40. Nf3 e4 41. Nd2 Ra2 42. Nxe4 g5 43. g4 Ke5 44. Ng3+ Kf6 45. Kf3 Ra1 46. Ke4 Rd1 47. Nf5 h5 48. gxh5 Rd8 49. Ne3 Re8+ 50. Kd4 Kg7 51. Kxc4 Kh7 52. b4 Rc8+ 53. Kd3 Rd8+ 54. Kc2 Re8 55. Kb2 g4 56. hxg4 Re4 57. Kb3 Re5 58. c4 Kh8 59. g3 Re4 60. h6 Kh7 61. g5 Kg6 62. b5 Re6 63. Nd5 Rc6 64. bxc6 1-0


[Site "https://www.chess.com"]

[Event "Titled Tuesday Blitz November 01 Late 2022"]
[White "Zilleruelo Irizarry, Diego"]
[Black "Goncalves, Davi Sulzbacher"]
[WhiteFideId "3101460"]
[BlackFideId "2154510"]
[WhiteElo "1998"]
[BlackElo "2182"]
[Result "1-0"]
[Round "10"]
[TimeControl "180+1"]
[Date "2022.11.02"]
[WhiteClock "0:00:15"]
[BlackClock "0:00:06"]

1. e4 c5 2. Nf3 d6 3. d4 cxd4 4. Qxd4 Nf6 5. Be2 Nc6 6. Qe3 g6 7. h3 Bg7 8. O-O O-O 9. Rd1 Bd7 10. Nc3 Rc8 11. Bd2 Na5 12. b3 Nc6 13. Rac1 Nb4 14. a3 Nc6 15. Be1 a6 16. b4 Qc7 17. Nd5 Nxd5 18. exd5 Ne5 19. Nxe5 Bxe5 20. c4 Ba4 21. Rd2 f5 22. f4 Bf6 23. Bd1 Bd7 24. c5 dxc5 25. bxc5 Qa5 26. c6 bxc6 27. dxc6 Bxc6 28. Qe6+ Kg7 29. Rxc6 Rxc6 30. Qxc6 Rd8 31. Qc2 Rd4 32. Bf3 Rxf4 33. Re2 Qxa3 34. Qc7 Rd4 35. Bg3 h5 36. Be5 Qa1+ 37. Kh2 Kh6 38. Bxf6 exf6 39. Re7 Qf1 40. Rh7+ Kg5 41. Qg3+ Rg4 42. h4# 1-0


[Site "https://www.chess.com"]

[Event "Titled Tuesday Blitz November 01 Late 2022"]
[White "Aggelis, Nikolaos"]
[Black "Annaberdiyev, Babageldi"]
[WhiteFideId "4213220"]
[BlackFideId "14000385"]
[WhiteElo "2187"]
[BlackElo "2332"]
[Result "1/2-1/2"]
[Round "11"]
[TimeControl "180+1"]
[Date "2022.11.01"]
[WhiteClock "0:00:07"]
[BlackClock "0:00:53"]

1. d4 Nf6 2. g3 g5 3. Bxg5 Bg7 4. Bg2 c5 5. c3 Qb6 6. Qb3 Qxb3 7. axb3 cxd4 8. cxd4 Nc6 9. Nf3 h6 10. Bxf6 Bxf6 11. e3 h5 12. h4 d5 13. Nc3 e6 14. Nb5 Rb8 15. O-O a6 16. Nd6+ Ke7 17. Nxc8+ Rbxc8 18. Rfc1 Nb4 19. Bf1 Kd6 20. Be2 Nc2 21. Rab1 Rc6 22. Bd1 Rhc8 23. Nd2 Nxd4 24. Rxc6+ Nxc6 25. Bxh5 Ke7 26. Rc1 Bxb2 27. Rc2 Bf6 28. Be2 Na7 29. Rxc8 Nxc8 30. Kg2 Nd6 31. Kh3 b5 32. g4 a5 33. g5 Bh8 34. f4 a4 35. bxa4 bxa4 36. Bd1 a3 37. Bb3 Nf5 38. e4 Nd4 39. Ba2 Ne2 40. f5 Nc3 41. Bb3 d4 42. f6+ Bxf6 43. gxf6+ Kxf6 44. Kg4 a2 45. Bxa2 Nxa2 46. Nc4 Nc3 47. e5+ Kg6 48. h5+ Kg7 49. Nd6 d3 50. Nc4 Ne4 51. Kf4 d2 52. Ne3 Nc3 53. Kg5 d1=Q 54. Nxd1 Nxd1 55. h6+ Kg8 56. Kf6 Nc3 57. h7+ Kxh7 58. Kxf7 1/2-1/2


[Site "https://www.chess.com"]

[Event "Titled Tuesday Blitz November 01 Late 2022"]
[White "Ali Abdullahi, Farah"]
[Black "Simonovic, Miroslav"]
[WhiteFideId "16100212"]
[BlackFideId "919152"]
[WhiteElo "2273"]
[BlackElo "2043"]
[Result "1-0"]
[Round "11"]
[TimeControl "180+1"]
[Date "2022.11.02"]
[WhiteClock "0:01:19"]
[BlackClock "0:00:09"]

1. d4 Nf6 2. Nf3 c5 3. c4 b6 4. Nc3 Bb7 5. d5 d6 6. e4 Nbd7 7. Bg5 g6 8. Bxf6 Nxf6 9. Bd3 Bg7 10. O-O O-O 11. Re1 e5 12. Rc1 h6 13. a3 Nh7 14. b4 f5 15. exf5 gxf5 16. Bf1 e4 17. Nd2 Qf6 18. g3 Rae8 19. Bg2 Qd4 20. Ne2 Qb2 21. bxc5 dxc5 22. Nf4 Ng5 23. h4 Nf3+ 24. Nxf3 exf3 25. Qxf3 Rxe1+ 26. Rxe1 Bc8 27. Re7 a6 28. Ne6 Bxe6 29. dxe6 Bd4 30. Qh5 Qxf2+ 31. Kh2 Rf6 32. Qe8+ 1-0


[Site "https://www.chess.com"]

[Event "Titled Tuesday Blitz November 01 Late 2022"]
[White "Averjanov, Alexey"]
[Black "Soto Vega, Jorge"]
[WhiteFideId "14109867"]
[BlackFideId "3800580"]
[WhiteElo "2637"]
[BlackElo "2263"]
[Result "0-1"]
[Round "11"]
[TimeControl "180+1"]
[Date "2022.11.02"]
[WhiteClock "0:01:58"]
[BlackClock "0:01:43"]

1. d4 d5 2. c4 c6 3. e3 Nf6 4. Bd3 a6 5. Nd2 b5 6. b3 Bg4 7. Qc2 e6 8. Ngf3 Nbd7 9. Bb2 Bh5 10. O-O Bg6 11. e4 bxc4 12. bxc4 Rb8 13. Bc3 dxe4 14. Nxe4 Be7 15. Rad1 O-O 16. Ne5 Qc7 17. Nxg6 hxg6 18. h3 Bb4 19. Ba1 Rfd8 20. Nxf6+ Nxf6 21. g3 Bd6 22. Kg2 Be7 23. Be2 Qa5 24. Bf3 Rbc8 25. Rd3 c5 26. d5 exd5 27. Bxf6 Bxf6 28. Rxd5 Re8 29. Rfd1 Rb8 30. Rd7 Rb2 31. Qd3 Qxa2 32. Rf1 Bd4 33. Bd5 Rxf2+ 34. Kh1 Rh2# 0-1


[Site "https://www.chess.com"]

[Event "Titled Tuesday Blitz November 01 Late 2022"]
[White "Bayo Milagro, Alvaro"]
[Black "Krzyzanowski, Marcin"]
[WhiteFideId "22275240"]
[BlackFideId "1132199"]
[WhiteElo "2270"]
[BlackElo "2435"]
[Result "0-1"]
[Round "11"]
[TimeControl "180+1"]
[Date "2022.11.01"]
[WhiteClock "0:01:44"]
[BlackClock "0:01:50"]

1. e4 g6 2. d4 Bg7 3. Nc3 c6 4. f4 d5 5. e5 Qb6 6. Nf3 Bg4 7. Be2 Nh6 8. Na4 Qa5+ 9. c3 Qc7 10. h3 Bxf3 11. Bxf3 f6 12. O-O Nd7 13. b4 O-O 14. e6 Nb6 15. Nc5 Nf5 16. g4 Nd6 17. Re1 f5 18. g5 Ne4 19. Qd3 Rfd8 20. h4 a5 21. h5 axb4 22. cxb4 Nc4 23. Nxe4 fxe4 24. Bxe4 dxe4 25. Qxc4 Bxd4+ 26. Be3 Bxa1 27. Rxa1 Qd6 28. hxg6 hxg6 29. Qxe4 Qd3 30. Qxd3 Rxd3 31. Bc5 Rad8 32. Bxe7 Rd1+ 33. Rxd1 Rxd1+ 34. Kf2 Rd2+ 35. Ke3 Rxa2 36. Bc5 Ra1 37. e7 Re1+ 38. Kf2 Re6 39. Kf3 Kf7 40. Kg4 b6 41. Bxb6 Rxe7 42. Bc5 Re4 43. Kf3 Rc4 44. Kg4 Ke6 45. Bf8 Rc1 46. f5+ gxf5+ 47. Kh5 f4 48. Bc5 Kf5 49. Kh6 Rh1+ 0-1


[Site "https://www.chess.com"]

[Event "Titled Tuesday Blitz November 01 Late 2022"]
[White "Bilan, Danila"]
[Black "Mickiewicz, Piotr"]
[WhiteFideId "24161918"]
[BlackFideId "1114891"]
[WhiteElo "2203"]
[BlackElo "2246"]
[Result "1-0"]
[Round "11"]
[TimeControl "180+1"]
[Date "2022.11.02"]
[WhiteClock "0:00:11"]
[BlackClock "0:00:07"]

1. d4 Nf6 2. Nf3 e6 3. g3 c5 4. Bg2 b6 5. Ne5 d5 6. c4 cxd4 7. cxd5 Nxd5 8. Qxd4 Bc5 9. Qa4+ Nd7 10. Nc3 O-O 11. Nd3 N7f6 12. Nxc5 bxc5 13. O-O Bb7 14. Nxd5 Bxd5 15. e4 Bb7 16. Be3 Qb6 17. Rfc1 Rac8 18. Rab1 Qb4 19. Qxb4 cxb4 20. e5 Nd5 21. Bxa7 Rxc1+ 22. Rxc1 Ra8 23. Bd4 h5 24. Ra1 Rc8 25. a4 bxa3 26. bxa3 Rc4 27. Ba7 Ra4 28. Bb8 h4 29. Bd6 Kh7 30. Rb1 Ba6 31. Bf1 Bxf1 32. Kxf1 h3 33. Rb3 Kg6 34. g4 Kg5 35. Rxh3 Kxg4 36. Rg3+ Kf5 37. Rxg7 f6 38. Rf7 Rc4 39. exf6 Rc1+ 40. Kg2 Rc2 41. Be7 Ra2 42. Rf8 Ne3+ 43. Kf3 Ng4 44. f7 Ne5+ 45. Kg3 Nxf7 46. Rxf7+ Ke4 47. Rf3 e5 48. Re3+ Kd5 49. Bf6 Ke6 50. Bxe5 Kf5 51. Bf4 Rc2 52. Re5+ Kf6 53. Ra5 Kf7 54. Be3 Rc3 55. Rf5+ Ke6 56. Ra5 Kd6 57. a4 Kc6 58. Ra6+ Kb7 59. Rb6+ Kc7 60. a5 Ra3 61. a6 1-0


[Site "https://www.chess.com"]

[Event "Titled Tuesday Blitz November 01 Late 2022"]
[White "Bjelobrk, Igor"]
[Black "Han, Yichen"]
[WhiteFideId "4300726"]
[BlackFideId "1054430"]
[WhiteElo "2335"]
[BlackElo "2323"]
[Result "1-0"]
[Round "11"]
[TimeControl "180+1"]
[Date "2022.11.01"]
[WhiteClock "0:00:21"]
[BlackClock "0:00:08"]

1. Nf3 d5 2. g3 Bg4 3. Bg2 c6 4. c4 e6 5. cxd5 exd5 6. O-O Nd7 7. d3 Ngf6 8. Nc3 Be7 9. Qc2 O-O 10. e4 Nc5 11. Ne5 Bh5 12. f4 dxe4 13. dxe4 Qd4+ 14. Kh1 Bd6 15. Nf3 Bxf3 16. Bxf3 Be7 17. e5 Nd5 18. Nxd5 cxd5 19. Rd1 Qc4 20. Qxc4 dxc4 21. Be3 Rad8 22. Bxc5 Bxc5 23. Bxb7 Bd4 24. Rab1 g5 25. Kg2 Bb6 26. Bd5 Rc8 27. e6 c3 28. exf7+ Kg7 29. bxc3 gxf4 30. c4 fxg3 31. hxg3 Rc7 32. Rh1 Re7 33. Rbe1 Bc5 34. Rxe7 Bxe7 35. Rb1 Bc5 36. Rb7 Kf6 37. Rb5 Bd4 38. a4 Ke5 39. a5 Kd6 40. Rb7 Bc5 41. Kf3 Ke5 42. Kg4 Kd4 43. Kh5 Bd6 44. g4 Bc5 45. Kh6 Ke5 46. Kxh7 Kf4 47. Kg7 Kxg4 48. Rb5 Be7 49. Be6+ Kf4 50. Rd5 Ke4 51. c5 Rb8 52. c6 Bf8+ 53. Kg6 Rb1 54. c7 Rg1+ 55. Rg5 Rc1 56. c8=Q Rxc8 57. Bxc8 1-0


[Site "https://www.chess.com"]

[Event "Titled Tuesday Blitz November 01 Late 2022"]
[White "Brown, Andrew"]
[Black "Mekhitarian, Krikor Sevag"]
[WhiteFideId "3206513"]
[BlackFideId "2107660"]
[WhiteElo "2245"]
[BlackElo "2614"]
[Result "0-1"]
[Round "11"]
[TimeControl "180+1"]
[Date "2022.11.02"]
[WhiteClock "0:00:03"]
[BlackClock "0:00:07"]

1. d4 Nf6 2. c4 g6 3. Nc3 d5 4. cxd5 Nxd5 5. e4 Nxc3 6. bxc3 Bg7 7. Bb5+ Nd7 8. Ne2 O-O 9. e5 a6 10. Ba4 b5 11. Bb3 Nb6 12. O-O c5 13. f4 Bg4 14. h3 Bxe2 15. Qxe2 cxd4 16. cxd4 Nc4 17. Be3 Rc8 18. a4 Qd5 19. f5 Rfd8 20. fxg6 hxg6 21. axb5 axb5 22. Qf3 Qxf3 23. Rxf3 e6 24. Ra7 Nxe3 25. Rfxf7 Rc1+ 26. Kf2 Bh6 27. Bxe6 Rf1+ 28. Ke2 Rxf7 29. Rxf7 Kh8 30. Bd7 Nd5 31. e6 Bg5 32. g3 Kg8 33. h4 Be7 34. Rf1 b4 35. Kd3 Nb6 36. Bb5 Bc5 37. Rf4 Nd5 38. Rg4 Ne7 39. Kc4 Bd6 40. d5 Rc8+ 41. Kd3 Kg7 42. Kd2 Nxd5 43. Rd4 Rc5 44. Bc4 Nb6 45. Bb3 Be7 46. Rd7 Nxd7 47. exd7 Rc7 0-1


[Site "https://www.chess.com"]

[Event "Titled Tuesday Blitz November 01 Late 2022"]
[White "Buchenau, Frank"]
[Black "Goncalves, Davi Sulzbacher"]
[WhiteFideId "4604350"]
[BlackFideId "2154510"]
[WhiteElo "2157"]
[BlackElo "2182"]
[Result "1-0"]
[Round "11"]
[TimeControl "180+1"]
[Date "2022.11.02"]
[WhiteClock "0:00:05"]
[BlackClock "0:00:06"]

1. e4 c6 2. Nf3 d6 3. d4 g6 4. Nc3 Bg7 5. Be2 Nd7 6. O-O Ngf6 7. a4 O-O 8. a5 b6 9. axb6 Qxb6 10. h3 Rb8 11. Re1 c5 12. e5 Ne8 13. Nd5 Qd8 14. Rxa7 cxd4 15. Nxd4 e6 16. Nc6 Qh4 17. g3 Qe4 18. Bd3 Qxd5 19. Ne7+ Kh8 20. Nxd5 exd5 21. exd6 Rb7 22. Rxb7 Bxb7 23. Bb5 Nef6 24. Re7 Rd8 25. Bg5 Kg8 26. Bxd7 Nxd7 27. Qe2 Bc6 28. Rxf7 Ra8 29. Rxg7+ Kxg7 30. Qe7+ Kh8 31. Bh6 Rg8 32. g4 d4 33. Kh2 g5 34. Bxg5 Rf8 35. f4 Kg8 36. Kg3 Rf7 37. Qe8+ Rf8 38. Qe6+ Rf7 39. Bh6 Nf8 40. Qc4 Bd7 41. Qxd4 Ne6 42. Qe5 Nd8 43. f5 Nc6 44. Qd5 Nd8 45. c4 Bc6 46. Qd4 Rb7 47. c5 Rb3+ 48. Kh4 Rb7 49. Qf6 Rf7 50. Qxd8+ 1-0


[Site "https://www.chess.com"]

[Event "Titled Tuesday Blitz November 01 Late 2022"]
[White "Burke, Paul"]
[Black "Van Osch, Mees"]
[WhiteFideId "2605767"]
[BlackFideId "1035967"]
[WhiteElo "1889"]
[BlackElo "2324"]
[Result "0-1"]
[Round "11"]
[TimeControl "180+1"]
[Date "2022.11.02"]
[WhiteClock "0:00:01"]
[BlackClock "0:00:06"]

1. e4 c5 2. d4 cxd4 3. c3 d5 4. exd5 Qxd5 5. cxd4 Nc6 6. Nf3 Bf5 7. Nc3 Qd7 8. Be2 e6 9. O-O Nf6 10. h3 Bd6 11. Bb5 O-O 12. Bg5 Ne4 13. Be3 Rac8 14. Rc1 Rfd8 15. Qa4 a6 16. Bxc6 Rxc6 17. Qd1 h6 18. Nd2 Nxd2 19. Qxd2 Bb4 20. a3 Bxc3 21. bxc3 b5 22. Bxh6 gxh6 23. Qxh6 Qd5 24. Rfe1 Rdc8 25. Re5 Qd8 26. Re3 Bg6 27. h4 Qf8 28. Qg5 Qd8 29. Qh6 Qf8 30. Qg5 e5 31. h5 exd4 32. Rg3 dxc3 33. hxg6 Rxg6 34. Qf4 Qg7 35. Rxg6 Qxg6 36. Qf3 c2 37. Qe2 Rc4 38. Qf3 Qg5 39. Qe3 Qxe3 40. fxe3 Kg7 41. Kf2 Kf6 42. Ke2 Ke5 43. Kd3 a5 0-1


[Site "https://www.chess.com"]